 Dungeon Crawl Stone Soup version 0.26-a0-946-g9485abf61d (webtiles) character file.

Game seed: 2663798752851047497

58 Descartes the Magician (level 3, 0/19 HPs)
             Began as a Deep Elf Air Elementalist on Nov 28, 2020.
             Slain by a centaur (4 damage)
             ... on level 3 of the Dungeon.
             The game lasted 00:05:56 (2181 turns).

Descartes the Magician (Deep Elf Air Elementalist)  Turns: 2181, Time: 00:05:57

Health: 0/19       AC:  2    Str:  5    XL:     3   Next: 75%
Magic:  0/10       EV: 13    Int: 20    God:
Gold:   202        SH:  0    Dex: 15    Spells: 9/10 levels left

rFire    . . .     SeeInvis .   f - +0 short sword
rCold    . . .     Faith    .   (no shield)
rNeg     . . .     Spirit   +   a - +0 robe
rPois    .         Reflect  .   (no helmet)
rElec    .         Harm     .   (no cloak)
rCorr    .         Rampage  .   (no gloves)
MR       .....                  (no boots)
Stlth    ++........             m - amulet of guardian spirit
HPRegen  0.06/turn              (no ring)
MPRegen  0.12/turn              (no ring)

@: very slightly contaminated
A: no striking features
a: no special abilities


You were on level 3 of the Dungeon.
You visited 1 branch of the dungeon, and saw 3 of its levels.

You collected 202 gold pieces.

Inventory:

Hand Weapons
 f - a +0 short sword (weapon)
Missiles
 e - 38 stones
 i - 5 curare-tipped darts
 n - 8 silver boomerangs
Armour
 a - a +0 robe (worn)
Jewellery
 m - an amulet of guardian spirit (around neck)
Scrolls
 b - 4 scrolls of remove curse {unknown}
 c - 2 scrolls of blinking {unknown}
 d - 2 scrolls of identify {unknown}
Potions
 g - a potion of heal wounds
 h - a potion of degeneration {unknown}
 j - a potion of berserk rage {unknown}
 k - a potion of curing {unknown}
 l - a potion of invisibility {unknown}


   Skills:
 - Level 2.4 Dodging
 - Level 2.4 Stealth
 + Level 4.1 Spellcasting
 + Level 2.4 Conjurations
 + Level 3.6 Air Magic


You had 9 spell levels left.
You knew the following spells:

 Your Spells              Type           Power        Failure   Level
a - Shock                 Conj/Air       ###.         3%          1

Your spell library contained the following spells:

 Spells                   Type           Power        Failure   Level
 Swiftness                Air            ###.....     4%          2
 Static Discharge         Conj/Air       ###.....     11%         3
 Airstrike                Air            ###.......   28%         4
 Lightning Bolt           Conj/Air       ###.......   71%         5


Dungeon Overview and Level Annotations

Branches:
Dungeon (3/15)

Altars:
Wu Jian
The Shining One


Message History

The zap hits the centaur.
The centaur is severely wounded.
The zap hits the frilled lizard.
You kill the frilled lizard!
The centaur hits you.
* * * LOW HITPOINT WARNING * * *
It was a potion of heal wounds.
You feel much better. The centaur hits you! x2
* * * LOW HITPOINT WARNING * * *
Casting: Shock (safe; 3% risk of failure)
Confirm with . or Enter, or press ? or * to list all spells.
You don't have enough magic to cast that spell.
Unknown command.
You barely miss the centaur.
The centaur is severely wounded.
The centaur hits you.
* * * LOW HITPOINT WARNING * * *
You hit the centaur but do no damage.
The centaur is severely wounded.
The centaur hits you.
You die...

#### .....
..<...##########
..†>..c@.......#
......#######.##
..... #.......#
.... #.########
..? #.#......#
.. #.#.###.## .
#.#.# #.# #.#.#
#.# #.#.# #.#


You could see a centaur.

Vanquished Creatures
  2 oozes (D:2)
  2 worms (D:2)
  A dart slug (D:2)
  A leopard gecko (D:1)
  A giant cockroach (D:1)
  A goblin (D:2)
  5 hobgoblins
  4 jackals (D:1)
  A ball python (D:2)
  6 bats
  4 frilled lizards
  5 kobolds
  7 rats
40 creatures vanquished.

Notes
Turn   | Place    | Note
-------+----------+-------------------------------------------
     0 | D:1      | Descartes the Deep Elf Air Elementalist began the quest for
                  | the Orb.
     0 | D:1      | Reached XP level 1. HP: 10/10 MP: 6/6
   241 | D:1      | Reached XP level 2. HP: 12/15 MP: 0/8
  1324 | D:2      | Reached XP level 3. HP: 19/19 MP: 2/10
  1799 | D:2      | Found a glowing golden altar of the Shining One.
  1906 | D:2      | Found an ornate altar of the Wu Jian Council.
  1911 | D:2      | Reached skill level 4 in Spellcasting
  2172 | D:3      | Noticed a centaur
  2181 | D:3      | Slain by a centaur

Illustrated notes

Levels and vault maps discovered:
D:1:      zelgadis_glass_arrival_small, layout_basic, moated_statue
D:2:      minmay_chambers_of_twos, layout_rooms, overflow_temple_1_default,
          nicolae_tso_carved_into_rock
D:3:      layout_basic, evilmike_ruin_ashenzari

Skill      XL: |  1  2  3 |
---------------+----------+-----
Conjurations   | 2 |  2.4
Spellcasting   | 4 |  4.1
Dodging        | |  2.4
Stealth        | |  2.4
Air Magic      | |  3.6

Action                   || total
-------------------------++-------
Melee: Unarmed           ||     7
       Short sword       ||     2
 Cast: Shock             ||    96
  Use: Potion            ||     1
Armor: Robe              ||     5
Dodge: Dodged            ||    25

Table legend: (Time is in decaauts)
 A = Elapsed time spent in this place.
 B = Non-inter-level travel time spent in this place.
 C = Inter-level travel time spent in this place.
 D = Time resting spent in this place.
 E = Time spent auto-exploring this place.
 F = Levels seen in this place.
 G = Mean time per level.
                   A        B        C        D        E       F      G
               +--------+--------+--------+--------+--------+-----+--------+
         Total |   2180 |   2074 |    106 |      0 |   1862 |   3 |  726.7 |
       Dungeon |   2180 |   2074 |    106 |      0 |   1862 |   3 |  726.7 |
               +--------+--------+--------+--------+--------+-----+--------+

Top non-repeatable levels by time:
     D:1: 1138 daAuts
     D:2: 942 daAuts
     D:3: 98 daAuts
